 Dungeon Crawl Stone Soup version 0.28-a0-657-g71136c5590 (webtiles) character file.

Game seed: 14188183700549060542

189827 Demosthentine the Phalangite (level 18, -12/159 HPs)
             Began as a Merfolk Gladiator on Oct 12, 2021.
             Was the Champion of the Shining One.
             Killed from afar by Nikola (80 damage)
             ... with an arc of chain lightning
             ... on level 1 of the Spider Nest on Oct 14, 2021.
             The game lasted 00:42:49 (28542 turns).

Demosthentine the Phalangite (Merfolk Gladiator)   Turns: 28542, Time: 00:42:50

Health: -12/159    AC: 16    Str: 28    XL:     18   Next: 14%
Magic:  21/29      EV: 31    Int: 11    God:    the Shining One [******]
Gold:   1738       SH:  8    Dex: 25    Spells: 17/17 levels left

rFire   + . .      SeeInvis +   h - +5 trishula (holy)
rCold   + + .      Faith    .   p - +2 buckler
rNeg    + + +      Spirit   .   y - +0 troll leather armour
rPois   +          Reflect  .   L - +2 helmet {SInv}
rElec   .          Harm     .   G - +1 cloak {Will+}
rCorr   .          Rampage  .   a - +1 pair of gloves "Zozo" {Str+7}
Will    ++...                   s - +2 pair of boots of Ennui {rF+ Int+2}
Stlth   +.........              m - amulet "Raneblyl" {Acrobat rC+ Str+4 Slay+3}
HPRegen 1.36/turn               e - +6 ring of dexterity
MPRegen 0.21/turn               Q - ring "Giuhiriq" {rPois rC+}

@: glowing, studying Fighting
A: (nimble swimmer 2), mertail
}: 1/15 runes: decaying
a: Renounce Religion, Divine Shield, Cleansing Flame, Summon Divine Warrior


You were on level 1 of the Spider Nest.
You worshipped the Shining One.
The Shining One was exalted by your worship.
You visited 6 branches of the dungeon, and saw 29 of its levels.
You also visited: Bailey and Volcano.

You collected 3840 gold pieces.
You spent 2102 gold pieces at shops.

Inventory:

Hand Weapons
 h - a +5 trishula of holy wrath (weapon)
Armour
 a - the +1 pair of gloves "Zozo" (worn) {Str+7}
   (You acquired it on level 2 of the Orcish Mines)

   Str:       It affects your strength (+7).
 c - a scarf of resistance
 p - a +2 buckler (worn)
 s - the +2 pair of boots of Ennui (worn) {rF+ Int+2}
   (You found it on level 3 of the Swamp)

   Int:       It affects your intelligence (+2).
   rF:        It protects you from fire.
 y - a +0 troll leather armour (worn)
 G - a +1 cloak of willpower (worn)
 L - a +2 helmet of see invisible (worn)
Jewellery
 e - a +6 ring of dexterity (left hand)
 m - the amulet "Raneblyl" (around neck) {Acrobat rC+ Str+4 Slay+3}
   (You acquired it on level 4 of the Dungeon)

   [amulet of the acrobat]

   It increases your evasion while moving and waiting.
   Str:       It affects your strength (+4).
   Slay:      It affects your accuracy & damage with ranged weapons and melee
   (+3).
   rC:        It protects you from cold.
 r - a ring of protection from fire
 E - a ring of resist corrosion
 H - a ring of willpower
 Q - the ring "Giuhiriq" (right hand) {rPois rC+}
   (You found it on level 2 of the Lair of Beasts)

   [ring of protection from cold]

   rC:        It protects you from cold.
   rPois:     It protects you from poison.
Wands
 b - a wand of flame (57)
 q - a wand of charming (5)
 u - a wand of paralysis (3)
 v - a wand of digging (9)
 D - a wand of iceblast (80)
 R - a wand of mindburst (26)
 X - a wand of acid (14)
Scrolls
 d - 12 scrolls of teleportation
 j - 3 scrolls of magic mapping
 o - a scroll of amnesia
 t - a scroll of fog
 w - a scroll of torment {unknown}
 z - a scroll of blinking
 C - a scroll of fear
 K - 2 scrolls of silence
 S - 4 scrolls of identify
 W - 2 scrolls of summoning
Potions
 f - 6 potions of attraction
 g - 2 potions of berserk rage
 i - 9 potions of curing
 k - 2 potions of might
 l - 2 potions of ambrosia
 n - 5 potions of cancellation
 M - 4 potions of heal wounds
 O - 4 potions of haste
 P - 4 potions of resistance


   Skills:
 + Level 18.9 Fighting
 + Level 22.5 Polearms
 - Level 2.0 Throwing
 - Level 6.7 Armour
 + Level 20.9 Dodging
 - Level 4.0 Shields
 + Level 15.1 Invocations


You had 17 spell levels left.
You didn't know any spells.
Your spell library contained the following spells:

 Spells                   Type           Power      Damage    Failure   Level
 Apportation              Tloc           0%         N/A       36%         1
 Freeze                   Ice            0%         1d3       36%         1
 Magic Dart               Conj           0%         1d3       36%         1
 Summon Small Mammal      Summ           0%         N/A       36%         1
 Call Imp                 Summ           0%         N/A       52%         2
 Corpse Rot               Necr/Air       N/A        N/A       52%         2
 Ensorcelled Hibernation  Hex/Ice        0%         N/A       52%         2
 Searing Ray              Conj           0%         2d4       52%         2
 Slow                     Hex            0%         N/A       52%         2
 Sublimation of Blood     Necr           0%         N/A       52%         2
 Wereblood                Tmut           0%         N/A       52%         2
 Call Canine Familiar     Summ           0%         N/A       75%         3
 Confusing Touch          Hex            0%         N/A       75%         3
 Conjure Flame            Conj/Fire      0%         6-21      75%         3
 Dazzling Flash           Conj/Hex       0%         N/A       75%         3
 Ignite Poison            Fire/Tmut/Pois 0%         N/A       75%         3
 Mephitic Cloud           Conj/Pois/Air  0%         N/A       75%         3
 Portal Projectile        Hex/Tloc       0%         N/A       75%         3
 Spider Form              Tmut/Pois      0%         N/A       75%         3
 Stone Arrow              Conj/Erth      0%         3d7       75%         3
 Summon Guardian Golem    Hex/Summ       0%         N/A       75%         3
 Tukima's Dance           Hex            0%         N/A       75%         3
 Vampiric Draining        Necr           0%         2d6       75%         3
 Animate Armour           Summ/Erth      0%         N/A       98%         4
 Animate Dead             Necr           0%         N/A       98%         4
 Dispel Undead            Necr           0%         3d6       98%         4
 Fulminant Prism          Conj/Hex       0%         3d6       98%         4
 Iskenderun's Mystic Bla  Conj/Tloc      0%         2d3       98%         4
 Passage of Golubria      Tloc           N/A        N/A       98%         4
 Petrify                  Tmut/Erth      0%         N/A       98%         4
 Sticky Flame             Conj/Fire      0%         2d3       98%         4
 Alistair's Intoxication  Tmut/Pois      0%         N/A       100%        5
 Blade Hands              Tmut           0%         N/A       100%        5
 Borgnjor's Vile Clutch   Necr/Erth      0%         N/A       100%        5
 Excruciating Wounds      Necr           0%         N/A       100%        5
 Irradiate                Conj/Tmut      0%         3d13      100%        5
 Iskenderun's Battlesphe  Conj           0%         2d6       100%        5
 Silence                  Hex/Air        0%         N/A       100%        5
 Yara's Violent Unravell  Hex/Tmut       0%         3d3       100%        5
 Conjure Ball Lightning   Conj/Air       0%         3x3d6     100%        6
 Death Channel            Necr           0%         N/A       100%        6
 Dispersal                Tloc           0%         N/A       100%        6
 Invisibility             Hex            0%         N/A       100%        6
 Iron Shot                Conj/Erth      0%         9d1       100%        6
 Starburst                Conj/Fire      0%         6d3       100%        6
 Spellforged Servitor     Conj/Summ      0%         N/A       100%        7
 Summon Hydra             Summ           0%         N/A       100%        7
 Discord                  Hex            0%         N/A       100%        8
 Disjunction              Tloc           0%         N/A       100%        8
 Lehudib's Crystal Spear  Conj/Erth      0%         10d2      100%        8


Dungeon Overview and Level Annotations

Branches:
Dungeon (15/15)            Temple (1/1) D:4            Lair (6/6) D:10
  Swamp (4/4) Lair:4       Spider (1/4) Lair:3        Slime (0/5) Lair:6
    Orc (2/2) D:12            Elf (0/3) Orc:2        Vaults (0/5) D:14
 Depths (0/4) D:15         Bailey (visited)         Volcano (visited)

Altars:
Ashenzari
Cheibriados
Dithmenos
Elyvilon
Fedhas
Gozag
Hepliaklqana
Kikubaaqudgha
Makhleb
Nemelex Xobeh
Okawaru
Qazlal
Ru
Sif Muna
Trog
Uskayaw
Vehumet
Wu Jian
Xom
Yredelemnul
Zin
The Shining One
Jiyva

Shops:
D:6 (   D:13 (   Orc:1 :=[(   Orc:2 (:??

Portals:
Abyss: Swamp:2
Pandemonium: Orc:2
Trove: D:11 (give +5 ice dragon scales)

Annotations:
Spider:1 Nikola


Innate Abilities, Weirdness & Mutations

((You are quick and stealthy near water. (Stealth+, EV+, Speed+++)))
Your lower body shifts to a powerful aquatic tail in water.


Message History

The wolf spider completely misses you. You block the wolf spider's attack.
You puncture the wolf spider!
You kill the wolf spider!
You puncture the wolf spider!
The wolf spider is almost dead.
You block the wolf spider's attack. The wolf spider closely misses you.
You puncture the wolf spider!
You kill the wolf spider!
You puncture Nikola!
Nikola is lightly wounded.
You impale Nikola!!
Nikola is lightly wounded.
You block Nikola's attack.
A hornet comes into view.
You hit Nikola.
Nikola is moderately wounded.
You impale Nikola!!
Nikola is moderately wounded.
Nikola casts a spell.
Lightning arcs from Nikola's hands!
The bolt of lightning hits you!!!
A bolt of lightning appears from out of thin air!
The bolt of lightning hits Nikola!
The bolt of lightning hits the hornet!!
The hornet dies!
You hear an angry hiss.
You hear a shout!
You hear an angry hiss.
Unknown command.
Unknown command.
Okay, then.
A redback comes into view.
You are momentarily dazzled by a brilliant light.
Nikola hits you with a +0 rapier of electrocution!
You are electrocuted!
Unknown command.
Unknown command.
You hit Nikola.
Nikola is heavily wounded.
You hear a grinding noise.
Nikola casts a spell.
Lightning arcs from Nikola's hands!
The bolt of lightning hits you!!!!
Ouch! That really hurt!
You die...

.....# #...# ....#
#....... ....#
#......##
...####.......# ..##
#........## # ###
#.........## .# .
..........s####.##...
#.........A.@#......#
...........@#†......#
.###..#†##.###.....##
###†.#### .†...#
#...## ......#
##....# .......
##.....# .......
..##.....## .......
#............##
.......
.......####..##


You could see Nikola (ally target), a redback and a friendly daeva (summoned).

Vanquished Creatures
  A hellephant (Swamp:2)
  The ghost of Pooter the Brawler, an adept TrMo of Okawaru (Swamp:4)
  The ghost of gregwegmann the Slayer, an adept GrFi of Ru (Swamp:2)
  A fenstrider witch (Swamp:2)
  Louise (Swamp:1)
  The ghost of meatgazer the Fencer, a journeyman MiBe of Trog (Lair:6)
  A juggernaut skeleton (D:15)
  Azrael (D:15)
  A bunyip (Swamp:4)
  3 eleionomae
  2 shambling mangroves (Swamp:4)
  Josephine (Lair:5)
  Harold (D:9)
  3 great orbs of eyes (Swamp:2)
  20 hydras
  2 ogre magi
  4 boulder beetles
  An ice dragon (D:9)
  11 alligators
  A catoblepas (D:13)
  11 centaur warriors
  A two-headed ogre (shapeshifter) (D:13)
  3 death yaks (Lair:5)
  12 two-headed ogres
  A tengu warrior (D:14)
  A hell hog (Swamp:2)
  A vampire mage (D:15)
  An orc high priest (Orc:2)
  Urug (D:14)
  10 slime creatures
  A hell knight (Volcano)
  Sonja (D:10)
  A glowing orange brain (Swamp:2)
  6 skeletal warriors
  5 goliath frogs
  A death drake (Swamp:3)
  3 spriggan druids
  2 wizards (Swamp:2)
  9 swamp dragons
  A harpy (shapeshifter) (D:14)
  10 bog bodies
  5 orc knights
  2 deep elf pyromancers
  6 orc sorcerers
  3 oklob plants
  A necromancer (D:15)
  2 wolf spiders (Spider:1)
  4 cyclopes
  A frost giant zombie (D:15)
  4 will-o-the-wisps
  6 manticores
  20 elephants
  A rust devil (Orc:2)
  5 ugly things
  Maurice (D:9)
  A torpor snail (Lair:6)
  A molten gargoyle (Volcano)
  A guardian serpent (shapeshifter) (D:13)
  3 black mambas
  Joseph (D:10)
  3 orange demons (Orc:2)
  3 gargoyles
  2 freezing wraiths (D:14)
  A rime drake (Lair:4)
  21 cane toads
  A tengu conjurer (D:14)
  5 yaktaurs
  2 unseen horrors (D:12)
  A hellion (Swamp:2)
  3 efreet
  9 komodo dragons
  A queen bee (D:11)
  10 trolls
  12 tyrant leeches
  3 meliai (D:14)
  5 polar bears
  2 bloated husks
  5 hornets
  A raiju (Swamp:2)
  3 jumping spiders (Spider:1)
  13 dream sheep
  A blink frog (shapeshifter) (D:14)
  29 blink frogs
  2 shadows
  A vampire (D:12)
  9 redbacks
  3 tarantellas (Spider:1)
  A water elemental (D:12)
  Sigmund (D:4)
  2 fire bats (Volcano)
  3 spriggans
  6 wraiths
  5 wyverns
  45 yaks
  10 basilisks
  2 spriggan skeletons (D:15)
  15 humans (D:14)
  4 fire elementals (D:15)
  18 vampire mosquitoes
  3 steam dragons
  Eustachio (D:4)
  17 swamp worms
  An acid dragon (shapeshifter) (D:13)
  A warg (Orc:1)
  A hell hound (D:15)
  13 water moccasins
  8 swamp drakes
  A hornet zombie (D:5)
  An ice beast (D:7)
  6 necrophages
  30 orc warriors
  15 wolves
  7 ogres
  8 centaurs
  2 kobold brigands
  10 bullfrogs
  3 gnoll sergeants
  8 scorpions
  A water moccasin skeleton (D:3)
  34 killer bees
  8 wights
  2 howler monkeys (D:10)
  8 electric eels
  6 lava snakes (Volcano)
  4 hounds
  A centaur zombie (D:10)
  24 orc priests
  A bullfrog zombie (D:5)
  A bullfrog skeleton (D:5)
  A centaur skeleton (D:7)
  11 orc wizards
  2 iguanas
  A hound skeleton (D:5)
  A howler monkey zombie (D:4)
  14 gnolls
  9 adders
  A white imp (D:5)
  An ufetubus (D:3)
  3 worms (D:4)
  6 dart slugs
  54 orcs
  6 ball pythons
  3 endoplasms
  5 giant cockroaches
  7 goblins
  13 hobgoblins
  7 jackals
  25 kobolds
  4 quokkas
  4 bats
  A frilled lizard (D:3)
  7 rats
883 creatures vanquished.

Vanquished Creatures (collateral kills)
  A thorn hunter (Swamp:4)
  2 hydras (Swamp:4)
  3 demonspawn (Orc:2)
  An alligator (Swamp:4)
  3 orc high priests (Orc:2)
  A spriggan druid (Swamp:4)
  A swamp dragon (Swamp:4)
  3 orc knights (Orc:2)
  5 orc sorcerers (Orc:2)
  An ugly thing (Swamp:2)
  A swamp worm (Swamp:4)
  2 orc warriors (Orc:2)
  An orc priest (Orc:2)
25 creatures vanquished.

Vanquished Creatures (others)
  A hornet (Spider:1)
  A redback (Spider:1)
  A human (D:14)
  A swamp drake (Swamp:4)
  2 orc priests (Orc:2)
  An orc wizard (D:5)
  2 orcs (Orc:2)
  A fire vortex (Lair:1)
  6 foxfires
  17 fungi
  77 plants
  4 withered plants (D:15)
114 creatures vanquished.

Grand Total: 1022 creatures vanquished

Notes
Turn   | Place    | Note
-------+----------+-------------------------------------------
     0 | D:1      | Demosthentine the Merfolk Gladiator began the quest for the
                  | Orb.
     0 | D:1      | Reached XP level 1. HP: 16/16 MP: 1/1
   417 | D:1      | Reached XP level 2. HP: 20/23 MP: 2/2
   634 | D:1      | Reached XP level 3. HP: 27/28 MP: 3/3
  1413 | D:2      | Reached skill level 5 in Polearms
  1499 | D:2      | Found a faded altar of an unknown god.
  1507 | D:2      | Reached skill level 1 in Armour
  1712 | D:3      | Reached XP level 4. HP: 22/35 MP: 4/4
  1920 | D:3      | Reached skill level 5 in Dodging
  2104 | D:3      | Noticed an ogre
  2116 | D:3      | Killed an ogre
  2117 | D:3      | Reached XP level 5. HP: 19/41 MP: 5/5
  2584 | D:4      | Reached skill level 6 in Polearms
  2639 | D:4      | Reached XP level 6. HP: 37/48 MP: 6/6
  2729 | D:4      | Noticed Eustachio
  2804 | D:4      | Killed Eustachio
  2818 | D:4      | Reached XP level 7. HP: 22/55 MP: 7/7
  3121 | D:4      | Noticed Sigmund
  3127 | D:4      | Killed Sigmund
  3128 | D:4      | Reached skill level 7 in Polearms
  3212 | D:4      | Found an ancient bone altar of Kikubaaqudgha.
  3271 | D:4      | Found a staircase to the Ecumenical Temple.
  3373 | Temple   | Entered the Ecumenical Temple
  3613 | Temple   | Became a worshipper of Elyvilon the Healer
  4008 | D:4      | Found a snail-covered altar of Cheibriados.
  4074 | D:4      | Identified a scroll of acquirement
  4074 | D:4      | Acquired the amulet "Raneblyl" {Acrobat rC+ Str+4 Slay+3}
  4101 | D:5      | Entered Level 5 of the Dungeon
  4103 | D:5      | Reached skill level 5 in Fighting
  4327 | D:5      | Reached XP level 8. HP: 62/62 MP: 8/8
  4399 | D:5      | Reached skill level 8 in Polearms
  4519 | D:5      | Reached * piety under Elyvilon
  5125 | D:5      | Reached skill level 9 in Polearms
  5357 | D:5      | Identified the +1 robe of Irksome Contentment {Fly MP+9}
  5472 | D:5      | Reached XP level 9. HP: 55/70 MP: 9/9
  5862 | D:6      | Reached ** piety under Elyvilon
  6021 | D:6      | Found Qoky's Antique Weapon Shoppe.
  6199 | D:6      | Found a glowing silver altar of Zin.
  6211 | D:6      | Found a burning altar of Makhleb.
  6375 | D:7      | Noticed a gargoyle
  6381 | D:7      | Killed a gargoyle
  6382 | D:7      | Reached skill level 10 in Polearms
  6424 | D:7      | Found an ornate altar of the Wu Jian Council.
  6651 | D:7      | Reached *** piety under Elyvilon
  7203 | D:8      | Reached skill level 5 in Armour
  7475 | D:8      | Found a glowing golden altar of the Shining One.
  7638 | D:8      | Fell from the grace of Elyvilon
  7638 | D:8      | Became a worshipper of the Shining One
  7638 | D:8      | Reached * piety under the Shining One
  7682 | D:9      | Reached ** piety under the Shining One
  7737 | D:9      | Reached XP level 10. HP: 80/80 MP: 10/10
  7740 | D:9      | Identified the +9 mace of Greed {vorpal, *Slow Fly rC+}
  7768 | D:9      | Reached skill level 10 in Dodging
  7925 | D:9      | Noticed a two-headed ogre
  7935 | D:9      | Killed a two-headed ogre
  7936 | D:9      | Reached skill level 11 in Polearms
  8080 | D:9      | Noticed Harold
  8099 | D:9      | Killed Harold
  8184 | D:9      | Found a shadowy altar of Dithmenos.
  8285 | D:9      | Found an opulent altar of Gozag.
  8286 | D:9      | Found an opulent altar of Gozag.
  8287 | D:9      | Noticed a two-headed ogre
  8293 | D:9      | Killed a two-headed ogre
  8294 | D:9      | Found an opulent altar of Gozag.
  8299 | D:9      | Found an opulent altar of Gozag.
  8318 | D:9      | Found a runed translucent door.
  8319 | D:9      | Noticed a centaur warrior
  8333 | D:9      | Killed a centaur warrior
  8334 | D:9      | Reached skill level 12 in Polearms
  8334 | D:9      | Noticed an ice dragon
  8534 | D:9      | Found a stormy altar of Qazlal.
  8671 | D:9      | Reached XP level 11. HP: 64/89 MP: 11/11
  8905 | D:9      | Killed an ice dragon
  8919 | D:9      | Noticed a centaur warrior
  8919 | D:9      | Noticed a centaur warrior
  8920 | D:9      | Noticed an ogre mage
  8927 | D:9      | Killed a centaur warrior
  8931 | D:9      | Killed a centaur warrior
  8939 | D:9      | Reached skill level 13 in Polearms
  8940 | D:9      | Killed an ogre mage
  9042 | D:10     | Entered Level 10 of the Dungeon
  9042 | D:10     | Noticed Maurice
  9044 | D:10     | Paralysed by Maurice for 3 turns
  9053 | D:10     | Paralysed by Maurice for 4 turns
  9056 | D:10     | HP: 2/76 [Maurice (5)]
  9095 | D:9      | Killed Maurice
  9096 | D:9      | Reached skill level 10 in Fighting
  9120 | D:10     | Reached skill level 1 in Invocations
  9155 | D:10     | Reached *** piety under the Shining One
  9216 | D:10     | Noticed Sonja
  9228 | D:10     | Killed Sonja
  9367 | D:10     | Found a staircase to the Lair.
  9367 | D:10     | Noticed an oklob plant
  9438 | D:10     | Noticed Joseph
  9454 | D:10     | Killed Joseph
  9480 | D:10     | You fall into a shaft and drop 3 floors!
  9480 | D:13     | Noticed a two-headed ogre
  9480 | D:13     | Noticed a fire crab
  9754 | D:13     | Killed a two-headed ogre
  9895 | D:12     | Noticed a deep elf pyromancer
  9907 | D:12     | Killed a deep elf pyromancer
  9908 | D:12     | Reached skill level 14 in Polearms
  9908 | D:12     | Reached XP level 12. HP: 70/99 MP: 14/14
 10056 | D:11     | Noticed a two-headed ogre
 10064 | D:11     | Killed a two-headed ogre
 10360 | D:11     | Reached skill level 5 in Invocations
 10428 | D:11     | Found a portal to a secret trove of treasure.
 10533 | D:11     | Noticed a two-headed ogre
 10540 | D:11     | Killed a two-headed ogre
 10562 | D:11     | Noticed a two-headed ogre
 10572 | D:11     | Killed a two-headed ogre
 10734 | D:11     | Noticed a boulder beetle
 10734 | D:11     | Reached **** piety under the Shining One
 10818 | D:11     | Reached skill level 15 in Polearms
 10841 | D:11     | Killed a boulder beetle
 10980 | D:11     | Found the +8 trident of the Octopus King {venom, rElec
                  | rPois Will+}
 11192 | D:12     | Noticed a six-headed hydra
 11266 | D:12     | Killed a six-headed hydra
 11314 | D:12     | Found a staircase to the Orcish Mines.
 11330 | D:12     | Noticed an eight-headed hydra
 11340 | D:12     | Killed an eight-headed hydra
 11341 | D:12     | Reached XP level 13. HP: 80/108 MP: 16/18
 11376 | D:12     | Found a white marble altar of Elyvilon.
 11916 | D:13     | Found Voffah's Antique Weapon Shop.
 12020 | D:13     | Reached skill level 16 in Polearms
 12451 | D:13     | Reached skill level 15 in Dodging
 12624 | D:13     | Acquired 1073 gold pieces
 12641 | D:14     | Noticed Urug
 12641 | D:14     | Found a gate to the Vaults.
 13241 | D:14     | Found a flagged portal.
 13247 | Bailey   | Entered a bailey
 13280 | Bailey   | Identified the +1 robe of Lightning Storm {Str+4 Slay+3}
 13533 | Bailey   | Reached skill level 1 in Shields
 13771 | D:14     | Reached skill level 17 in Polearms
 13916 | D:14     | Killed Urug
 13917 | D:14     | Reached XP level 14. HP: 65/118 MP: 20/20
 13987 | D:14     | Identified the +2 leather armour of the Beekeeper {Str+9}
 14397 | D:14     | Got the Catalogue of Dark Magic and Snow
 14450 | D:14     | Identified the +5 mace of Ancient Evil {drain, rElec Int+4}
 14754 | D:15     | Entered Level 15 of the Dungeon
 15501 | D:15     | Reached ***** piety under the Shining One
 15798 | D:15     | Noticed Azrael
 15827 | D:15     | Killed Azrael
 16039 | D:15     | Reached skill level 10 in Invocations
 16128 | D:15     | Reached skill level 18 in Polearms
 16201 | D:15     | Found a staircase to the Depths.
 16520 | Lair:1   | Entered Level 1 of the Lair of Beasts
 16968 | Lair:1   | Found a dark tunnel.
 17090 | Volcano  | Entered a volcano
 17394 | Volcano  | Found a burning altar of Makhleb.
 17414 | Volcano  | Reached XP level 15. HP: 122/126 MP: 22/22
 18103 | Lair:2   | Identified the ring "Giuhiriq" {rPois rC+}
 18106 | Lair:2   | Found a bloodstained altar of Trog.
 18778 | Lair:3   | Found a hole to the Spider Nest.
 19404 | Lair:3   | Reached skill level 19 in Polearms
 20223 | Lair:4   | Found a staircase to the Swamp.
 20301 | Lair:4   | Reached skill level 15 in Fighting
 21075 | Lair:5   | Reached ****** piety under the Shining One
 21115 | Lair:5   | Noticed Josephine
 21125 | Lair:5   | Killed Josephine
 21643 | Lair:6   | Entered Level 6 of the Lair of Beasts
 21724 | Lair:6   | Found a transporter.
 21733 | Lair:6   | Found a transporter.
 21790 | Lair:6   | Noticed meatgazer's ghost (journeyman MiBe)
 21794 | Lair:6   | Reached XP level 16. HP: 136/136 MP: 25/25
 21897 | Lair:6   | Found a viscous altar of Jiyva.
 21897 | Lair:6   | Found a staircase to the Slime Pits.
 22019 | Lair:6   | Reached skill level 20 in Polearms
 22964 | Lair:6   | Killed meatgazer's ghost
 23230 | Orc:1    | Entered Level 1 of the Orcish Mines
 23230 | Orc:1    | Found Mayturor's Armour Boutique.
 23323 | Orc:1    | Found Canwi's Firing Range.
 23327 | Orc:1    | Bought 2 throwing nets for 72 gold pieces
 23395 | Orc:1    | Found Bisoh's Book Emporium.
 23695 | Orc:2    | Entered Level 2 of the Orcish Mines
 23935 | Orc:1    | Found Xotojont's Jewellery Shoppe.
 24075 | Orc:2    | Found a staircase to the Elven Halls.
 24188 | Orc:2    | Found Kuemy's Magic Scroll Shoppe.
 24225 | Orc:2    | Found Qynykew's Magic Scroll Emporium.
 24309 | Orc:2    | Bought a scroll of acquirement for 728 gold pieces
 24309 | Orc:2    | Bought a scroll of enchant armour for 105 gold pieces
 24309 | Orc:2    | Bought a scroll of teleportation for 42 gold pieces
 24309 | Orc:2    | Bought a scroll of teleportation for 42 gold pieces
 24311 | Orc:2    | Bought a scroll of acquirement for 884 gold pieces
 24311 | Orc:2    | Bought a scroll of teleportation for 51 gold pieces
 24311 | Orc:2    | Bought a scroll of teleportation for 51 gold pieces
 24311 | Orc:2    | Bought a scroll of enchant weapon for 127 gold pieces
 24748 | Orc:2    | Reached skill level 21 in Polearms
 24775 | Orc:2    | Paralysed by an orc sorcerer for 5 turns
 24820 | Orc:2    | Found Lais's Antique Weapon Boutique.
 24820 | Orc:2    | Found Herenk's Book Shop.
 24821 | Orc:2    | Found a one-way gate leading to the halls of Pandemonium.
 24942 | Orc:2    | Acquired a manual of Fighting
 24944 | Orc:2    | Acquired the +1 pair of gloves "Zozo" {Str+7}
 25057 | Lair:1   | Upgraded the game from 0.28-a0-653-g7e9dba17c3 to
                  | 0.28-a0-657-g71136c5590
 25157 | Swamp:1  | Entered Level 1 of the Swamp
 25189 | Swamp:1  | Noticed Louise
 25237 | Swamp:1  | Killed Louise
 25241 | Swamp:1  | Identified a +2 trishula of holy wrath (a +0 demon trident
                  | of draining blessed by the Shining One)
 25241 | Swamp:1  | Received a gift from the Shining One
 25644 | Swamp:1  | Reached XP level 17. HP: 126/146 MP: 27/27
 26294 | Swamp:2  | Found a transporter.
 26315 | Swamp:2  | Found a transporter.
 26319 | Swamp:2  | Noticed gregwegmann's ghost (adept GrFi)
 26403 | Swamp:2  | Found a one-way gate to the infinite horrors of the Abyss.
 26410 | Swamp:2  | Noticed a hellephant
 26601 | Swamp:2  | Killed a hellephant
 26627 | Swamp:2  | Killed gregwegmann's ghost
 26682 | Swamp:2  | Got Lugonu's Disquisition on Translocation
 26997 | Swamp:3  | Identified the +2 pair of boots of Ennui {rF+ Int+2}
 27259 | Swamp:4  | Entered Level 4 of the Swamp
 27426 | Swamp:4  | Reached skill level 22 in Polearms
 27636 | Swamp:4  | Got a decaying rune of Zot
 27782 | Swamp:4  | Reached XP level 18. HP: 158/158 MP: 29/29
 27811 | Swamp:4  | Reached skill level 15 in Invocations
 27916 | Swamp:4  | Found a runed translucent door.
 28043 | Swamp:4  | Noticed Pooter's ghost (adept TrMo)
 28060 | Swamp:4  | Killed Pooter's ghost
 28283 | Spider:1 | Entered Level 1 of the Spider Nest
 28524 | Spider:1 | Noticed Nikola
 28542 | Spider:1 | Killed from afar by Nikola

Illustrated notes

Levels and vault maps discovered:
D:1:      shiori_arrival_maze, layout_loops_ring
D:2:      layout_loops_corners, shapermc_ecumenical_altar_mp_ritualfount
D:3:      layout_rooms
D:4:      layout_basic, cheibrodos_worm_habitat,
          mainiacjoe_overflow_small_starburst, minmay_temple_entry_overgrown,
          uniq_sigmund, uniq_eustachio
D:5:      layout_loops_corners
D:6:      layout_loops_cross, mainiacjoe_overflow_alcove_1, zin_academy,
          serial_shops, kennysheep_mini, serial_bayou_crossing
D:7:      layout_basic, mainiacjoe_overflow_catwalk
D:8:      layout_loops_ring, mainiacjoe_overflow_surrounded_room,
          hangedman_decor_lopped, minmay_misc_feat_secret_circle
D:9:      layout_loops_corners, grunt_qazlal_clouds,
          mainiacjoe_overflow_boulevard, nicolae_gozag_conspicuous_consumption,
          minivault_13, uniq_harold
D:10:     layout_rooms, dpeg_oklobed_lair, uniq_joseph, uniq_maurice, uniq_sonja
D:11:     layout_roguey [special_room_bee], trove_entry_hex_spiral
D:12:     layout_basic, orc_0_dummy, nicolae_elyvilon_temple_path
D:13:     layout_irregular_city, serial_shops, shop
D:14:     minmay_wavy_crystal, layout_cave_pods, david_vaults_3, minivault_25,
          enter_bailey_3, palyth_stone_intersect
D:15:     gammafunk_depths_entry_grave, layout_rooms, minmay_misc_feat_hallway,
          uniq_azrael
Temple:   oiseaux_autumnal_temple
Lair:1:   layout_gridlike, enter_volcano_2, infiniplex_staircase_pool
Lair:2:   layout_hall_layers, serial_forest, infiniplex_forest_lined_3,
          infiniplex_forest_end_2, infiniplex_forest_lined_3,
          infiniplex_forest_lined_room_, infiniplex_forest_lined_corner,
          infiniplex_forest_lined_3, infiniplex_forest_lined_room_,
          lemuel_oklob_altar
Lair:3:   layout_small_grid, nicolae_spider_entry_non_spiders
Lair:4:   layout_regular_city, nicolae_swamp_entry_splash_gauntlet,
          serial_bayou_lagoon_a, guppyfry_lair_drakes, serial_bayou_shore_a
Lair:5:   layout_cave_shapes, st_stairs_7, beast_lair_carwin_1,
          grunt_megastairs_3, uniq_josephine
Lair:6:   minmay_lair_end_frog_pond, layout_gridlike,
          dpeg_slime_entry_enclosed_altar, nzn_ghost_randoct, lemuel_fruit_tree
Swamp:1:  layout_basic_swamp, nicolae_swamp_oxbows, uniq_louise
Swamp:2:  layout_basic_swamp, gammafunk_ghost_abyssal_escape, serial_swamp_ruin,
          evilmike_swamp_ruin_house_5, evilmike_swamp_ruin_house_3
Swamp:3:  layout_basic_swamp, evilmike_swamp_ruin_house_4, swamp_pool5,
          nicolae_swamp_stuck_in_the_mud
Swamp:4:  swamp_basic_johnstein, layout_basic_swamp,
          ebering_ghost_reflecting_pool
Spider:1: layout_chambers, uniq_nikola, uniq_jorgrun, uniq_roxanne
Orc:1:    layout_caves, serial_shops, nicolae_diamond_shop, nicolae_shop_trees,
          nicolae_shop_statue_plus, nicolae_shop_firing_range
Orc:2:    pf_orc_diabolical, layout_caves

Skill      XL: |  1  2  3  4  5  6  7  8  9 10 11 12 13 14 15 16 17 18 |
---------------+-------------------------------------------------------+-----
Polearms       | 5 6 7 9 10 12 14 15 17 18 19 21 22 | 22.5
Armour         | 1 2 3 4 5 6 |  6.7
Fighting       | 3 4 5 6 7 9 10 12 13 14 15 16 18 | 18.9
Dodging        | 5 6 7 8 9 11 12 14 15 17 18 19 20 | 20.9
Invocations    | 3 6 8 10 12 13 14 15 | 15.1
Shields        | 2 4 |  4.0
Throwing       | |  2.0

Action                   |  1- 3 |  4- 6 |  7- 9 | 10-12 | 13-15 | 16-18 || total
-------------------------+-------+-------+-------+-------+-------+-------++-------
Melee: Trident           |    97 |   149 |    71 |       |       |       ||   317
       Spear             |       |       |   239 |   633 |  2036 |   880 ||  3788
       Tailslap          |       |       |     1 |       |    21 |    65 ||    87
       Trishula          |       |       |       |       |       |   542 ||   542
Throw: Throwing net      |       |     1 |       |     4 |     1 |     2 ||     8
Invok: Divine Shield     |       |       |       |     1 |     2 |     1 ||     4
       Cleansing Flame   |       |       |       |       |     4 |     2 ||     6
       Summon Divine War |       |       |       |       |       |     4 ||     4
       Brand Weapon With |       |       |       |       |       |     1 ||     1
Evoke: Wand              |       |       |       |     1 |       |       ||     1
  Use: Scroll            |     4 |       |    11 |     9 |    11 |     6 ||    41
       Potion            |       |       |       |     3 |     3 |     3 ||     9
 Stab: Sleeping          |     3 |     3 |     5 |       |       |       ||    11
       Held in net/web   |       |     1 |       |       |       |       ||     1
       Distracted        |       |     1 |       |       |       |       ||     1
Armor: Leather armour    |    18 |    44 |    30 |       |       |       ||    92
       Troll leather arm |       |       |       |    59 |   246 |    99 ||   404
Dodge: Dodged            |    42 |   148 |   139 |   377 |  1268 |   827 ||  2801
Block: Other             |       |       |       |     5 |    37 |       ||    42
       Buckler           |       |       |       |       |   158 |   267 ||   425

Table legend: (Time is in decaauts)
 A = Elapsed time spent in this place.
 B = Non-inter-level travel time spent in this place.
 C = Inter-level travel time spent in this place.
 D = Time resting spent in this place.
 E = Time spent auto-exploring this place.
 F = Levels seen in this place.
 G = Mean time per level.
                   A        B        C        D        E       F      G
               +--------+--------+--------+--------+--------+-----+--------+
         Total |  26035 |  24760 |   1275 |   1016 |  17624 |  31 |  839.8 |
       Dungeon |  15075 |  14553 |    522 |    931 |  10477 |  15 | 1005.0 |
        Temple |    249 |    249 |      0 |      0 |    188 |   1 |  249.0 |
          Lair |   5778 |   5253 |    525 |      0 |   3886 |   6 |  963.0 |
         Swamp |   2306 |   2133 |    173 |      0 |   1400 |   4 |  576.5 |
   Spider Nest |    238 |    238 |      0 |      0 |    182 |   1 |  238.0 |
  Orcish Mines |   1549 |   1498 |     51 |     85 |    956 |   2 |  774.5 |
        Bailey |    329 |    329 |      0 |      0 |    163 |   1 |  329.0 |
       Volcano |    508 |    508 |      0 |      0 |    370 |   1 |  508.0 |
               +--------+--------+--------+--------+--------+-----+--------+

Top non-repeatable levels by time:
    D:14: 2282 daAuts
     D:5: 1486 daAuts
     D:9: 1357 daAuts
     D:4: 1251 daAuts
  Lair:6: 1127 daAuts
  Lair:4: 1107 daAuts
  Lair:1: 1056 daAuts
    D:12: 1044 daAuts
    D:13: 1026 daAuts
  Lair:3: 951 daAuts
   Orc:2: 935 daAuts
     D:1: 903 daAuts
     D:3: 860 daAuts
     D:8: 860 daAuts
    D:11: 842 daAuts
